 Dungeon Sprint DCSS version 0.28.0-43-g3370ac3207 (webtiles) character file.

Game seed: 3892994255583116544

5060 boopmooplesden the Severer (level 10, -3/111 HPs)
             Began as a Minotaur Berserker on Mar 15, 2022.
             Was a High Priest of Trog.
             Slain by an unseen horror (7 damage)
             ... in the Dungeon (Sprint I: "Red Sonja").
             The game lasted 00:02:52 (1658 turns).

boopmooplesden the Severer (Minotaur Berserker)     Turns: 1658, Time: 00:02:53

Health: -3/111     AC:  4    Str: 24    XL:     10   Next: 31%
Magic:  9/9        EV: 15    Int:  4    God:    Trog [*****.]
Gold:   619        SH:  0    Dex: 12    Spells: 9/9 levels left

rFire   . . .      SeeInvis .   a - +0 hand axe
rCold   + . .      Faith    .   (no shield)
rNeg    . . .      Spirit   .   j - +3 ring mail {rC+}
rPois   .          Reflect  .   (helmet restricted)
rElec   .          Harm     .   k - +0 cloak
rCorr   .          Rampage  .   (no gloves)
Will    .....      NoTele   +   (no boots)
Stlth   +.........              (no amulet)
HPRegen 0.28/turn               (no ring)
MPRegen 0.11/turn               (no ring)

@: corroded, on berserk cooldown, slowed, very slow
A: horns 2, retaliatory headbutt
a: Renounce Religion, Berserk, Trog's Hand, Brothers in Arms


You were in the Dungeon.
You worshipped Trog.
Trog was extremely pleased with you.
You visited 1 branch You collected 619 gold pieces.

Inventory:

Hand Weapons
 a - a +0 hand axe (weapon)
 l - a +2 battleaxe
Armour
 b - a +0 animal skin
 j - a +3 ring mail of cold resistance (worn)
 k - a +0 cloak (worn)
Wands
 i - a wand of paralysis (4)
Scrolls
 e - a scroll of enchant armour {unknown}
 h - a scroll of immolation {unknown}
 m - 2 scrolls of silence {unknown}
Potions
 c - a potion of curing
 f - 3 potions of magic
 g - a potion of berserk rage


   Skills:
 + Level 17.0 Fighting
 + Level 18.6 Axes
 + Level 11.1 Armour
 + Level 10.0 Dodging
 + Level 2.2 Stealth
 + Level 0.3 Evocations


You had 9 spell levels left.
You didn't know any spells.
Your spell library was empty.

Dungeon Overview and Level Annotations

Branches:
Dungeon (1/1)

Altars:
Makhleb
Sif Muna
Vehumet
Wu Jian
Xom
Jiyva
Lugonu


Innate Abilities, Weirdness & Mutations

You have a pair of horns on your head.
You reflexively headbutt those who attack you in melee.


Message History

You slash the necrophage!
The necrophage is almost destroyed.
You closely miss something. Something hits you.
The necrophage closely misses you. You furiously retaliate!
You headbutt the necrophage!
You destroy the necrophage!
Trog accepts your kill.
Your Fighting skill increases to level 17!
Your Dodging skill increases to level 10!
Something hits you. Something hits you!
You feel a strong urge to attack something.
You are no longer berserk.
You are exhausted.
You feel yourself slow down. Something hits you!
* * * LOW HITPOINT WARNING * * *
Something hits you but does no damage. Something hits you.
* * * LOW HITPOINT WARNING * * *
Something hits you.
* * * LOW HITPOINT WARNING * * *
Something hits you.
* * * LOW HITPOINT WARNING * * *
There is an open door here.
You feel much better. Something barely misses you. Something hits you!
* * * LOW HITPOINT WARNING * * *
Something hits you.
* * * LOW HITPOINT WARNING * * *
Something hits you.
* * * LOW HITPOINT WARNING * * *
Unknown command.
Something hits you!
* * * LOW HITPOINT WARNING * * *
Something hits you.
* * * LOW HITPOINT WARNING * * *
Something hits you.
* * * LOW HITPOINT WARNING * * *
Something hits you.
* * * LOW HITPOINT WARNING * * *
You miss something. Something hits you!
You die...

+..._#§§§§.#..#
#_.#'##§#####'###
##+#.#..§.# #.'.#
####'### ###.#
+.....+ #.#
####### #.# #...
#§# #... +§#
#+..######@#
#....n.n§#{#
#..†n.)§#n{#
?!?..n....{####
)[.......{≈#
.......≈≈≈##
##..≈≈≈≈###
+######+


You could see a necrophage.

Vanquished Creatures
  2 centaur warriors (D)
  A deep troll (D)
  An oklob plant (D)
  A gargoyle (D)
  3 demonic crawlers (D)
  2 kobold demonologists (D)
  A slime creature (D)
  A hornet (D)
  Sigmund (D)
  2 redbacks (D)
  2 floating eyes (D)
  A necrophage (D)
  An ogre (D)
  8 jellies (D)
  Ijyb (D)
28 creatures vanquished.

Notes
Turn   | Place    | Note
-------+----------+-------------------------------------------
     0 | D        | boopmooplesden the Minotaur Berserker began the quest for
                  | the Orb.
     0 | D        | Reached XP level 1. HP: 19/19 MP: 0/0
     2 | D        | Noticed Ijyb
     2 | D        | Paralysed by Ijyb for 6 turns
    12 | D        | Killed Ijyb
    13 | D        | Reached skill level 5 in Fighting
    13 | D        | Reached skill level 5 in Axes
    13 | D        | Reached XP level 2. HP: 18/30 MP: 1/1
   187 | D        | Noticed an ogre
   191 | D        | Killed an ogre
   192 | D        | Reached skill level 7 in Axes
   192 | D        | Reached XP level 3. HP: 40/40 MP: 2/2
   192 | D        | Reached XP level 4. HP: 48/48 MP: 3/3
   240 | D        | Noticed Sigmund
   249 | D        | Killed Sigmund
   249 | D        | Reached ** piety under Trog
   250 | D        | Reached skill level 10 in Fighting
   250 | D        | Reached skill level 10 in Axes
   250 | D        | Reached skill level 5 in Armour
   250 | D        | Reached skill level 5 in Dodging
   250 | D        | Reached XP level 5. HP: 42/58 MP: 4/4
   263 | D        | Found a burning altar of Makhleb.
   263 | D        | Found a viscous altar of Jiyva.
   263 | D        | Found a shimmering altar of Xom.
   263 | D        | Found a corrupted altar of Lugonu.
   263 | D        | Noticed a slime creature
   274 | D        | Killed a slime creature
   275 | D        | Reached skill level 11 in Axes
   275 | D        | Reached XP level 6. HP: 19/68 MP: 5/5
   504 | D        | Found an ornate altar of the Wu Jian Council.
   504 | D        | Found a shimmering blue altar of Sif Muna.
   506 | D        | Found a radiant altar of Vehumet.
   536 | D        | Noticed a kobold demonologist
   536 | D        | Noticed a floating eye
   537 | D        | Noticed a kobold demonologist
   538 | D        | Noticed a sun demon
   547 | D        | Paralysed by a floating eye for 2 turns
   553 | D        | Noticed an ice devil
   553 | D        | Killed a kobold demonologist
   553 | D        | Reached *** piety under Trog
   554 | D        | Reached skill level 12 in Axes
   554 | D        | Reached XP level 7. HP: 78/78 MP: 6/6
   556 | D        | Reached skill level 13 in Axes
   556 | D        | Noticed a chaos spawn
   556 | D        | Noticed a demonic crawler
   556 | D        | Noticed a demonic crawler
   556 | D        | Noticed a demonic crawler
   556 | D        | Noticed a demonic crawler
   562 | D        | Killed a kobold demonologist
   562 | D        | Reached **** piety under Trog
   562 | D        | Noticed a gargoyle
   563 | D        | Reached XP level 8. HP: 65/86 MP: 7/7
   580 | D        | Noticed a centaur warrior
   589 | D        | Killed a centaur warrior
   590 | D        | Reached skill level 15 in Axes
   614 | D        | Killed a demonic crawler
   615 | D        | Reached skill level 1 in Stealth
   618 | D        | Killed a demonic crawler
   619 | D        | Reached skill level 16 in Axes
   619 | D        | Reached XP level 9. HP: 52/96 MP: 8/8
   620 | D        | Killed a gargoyle
   621 | D        | Reached skill level 15 in Fighting
   630 | D        | Killed a demonic crawler
   698 | D        | Noticed a centaur warrior
   706 | D        | Killed a centaur warrior
   706 | D        | Reached ***** piety under Trog
   707 | D        | Reached skill level 17 in Axes
   707 | D        | Reached skill level 10 in Armour
  1027 | D        | Noticed a deep troll
  1038 | D        | Killed a deep troll
  1038 | D        | Received a gift from Trog
  1039 | D        | Reached XP level 10. HP: 107/107 MP: 9/9
  1060 | D        | Noticed an oklob plant
  1114 | D        | Killed an oklob plant
  1115 | D        | Reached skill level 18 in Axes
  1644 | D        | Identified the +6 hand axe of the Butterfly {flame, rElec
                  | rCorr Str-5} (Trog gifted it to you in the Dungeon)
  1644 | D        | Received a gift from Trog
  1650 | D        | Reached skill level 10 in Dodging
  1657 | D        | HP: 5/111 [something (5)]
  1658 | D        | Slain by an unseen horror

Illustrated notes

Levels and vault maps discovered:
D:        dungeon_sprint_1 [red_sonja_temple_1, red_sonja_temple_small_1]

Skill      XL: |  1  2  3  4  5  6  7  8  9 10 |
---------------+-------------------------------+-----
Fighting       | 5 7 10 11 12 13 14 16 17 | 17.0
Axes           | 5 7 10 11 12 13 16 17 18 | 18.6
Armour         | 3 4 5 6 7 9 10 11 | 11.1
Dodging        | 3 5 6 7 8 9 10 | 10.0
Stealth        | 1 2 |  2.2
Evocations     | |  0.3

Action                   |  1- 3 |  4- 6 |  7- 9 | 10-12 || total
-------------------------+-------+-------+-------+-------++-------
Melee: Hand axe          |     8 |    37 |    56 |    38 ||   139
       Headbutt          |     2 |     8 |    21 |    12 ||    43
Invok: Berserk           |     2 |     1 |     2 |     3 ||     8
Evoke: Wand              |       |       |     2 |       ||     2
  Use: Potion            |       |       |     1 |     1 ||     2
       Scroll            |       |       |     1 |       ||     1
Armor: Ring mail         |       |     7 |    24 |     6 ||    37
Dodge: Dodged            |     2 |    11 |    29 |    12 ||    54
